 Dungeon Crawl Stone Soup version 0.20-a0-823-gdec668e (webtiles) character file.

34 Klosterheim the Skirmisher (level 3, -4/34 HPs)
             Began as a Minotaur Abyssal Knight on Mar 5, 2017.
             Was a Follower of Lugonu.
             Slain by a hobgoblin
             ... wielding a +0 club
              (8 damage)
             ... on level 2 of the Dungeon.
             The game lasted 00:01:42 (1363 turns).

Klosterheim the Skirmisher (MiAK)                   Turns: 1363, Time: 00:01:42

Health: -4/34      AC:  0    Str: 17    XL:     3   Next: 14%
Magic:  3/3        EV: 12    Int:  9    God:    Lugonu [*.....]
Gold:   50         SH:  3    Dex:  9    Spells: 2/2 levels left

rFire    . . .     SeeInvis .   (no weapon)
rCold    . . .     Gourm    .   (no armour)
rNeg     . . .     Faith    .   (no shield)
rPois    .         Spirit   .   (helmet restricted)
rElec    .         Reflect  +   (no cloak)
rCorr    .         Harm     .   (no gloves)
MR       .....                  d - -2 pair of boots (curse)
Stlth    +.........             e - +3 amulet of reflection
Regen    0.2/turn               (no ring)
MPRegen  0.1/turn               (no ring)

@: no status effects
A: retaliatory headbutt, horns 2
a: Depart the Abyss, Renounce Religion


You were on level 2 of the Dungeon.
You worshipped Lugonu.
Lugonu was aware of your devotion.
You were not hungry.

You visited 1 branch of the dungeon, and saw 2 of its levels.
You visited the Abyss 1 time.

You collected 50 gold pieces.

Inventory:

Armour
 b - a +0 leather armour
 d - a cursed -2 pair of boots (worn)
Jewellery
 e - a +3 amulet of reflection (around neck)
 m - an uncursed ring of flight {unknown}
Scrolls
 i - 3 scrolls of teleportation {unknown}
 k - a scroll of fog {unknown}
 l - a scroll of random uselessness {unknown}
 n - a scroll of remove curse {unknown}
Potions
 h - a potion of agility {unknown}
 j - a potion of berserk rage {unknown}
Comestibles
 c - a bread ration
 f - a chunk of flesh
 g - a meat ration


   Skills:
 + Level 4.4 Fighting
   Level 2.6 Long Blades
 + Level 2.8 Armour
 + Level 1.5 Dodging
 + Level 2.1 Invocations


You had 2 spell levels left.
You didn't know any spells.

Dungeon Overview and Level Annotations

Branches:
Dungeon (2/15)

Altars:
Vehumet


Innate Abilities, Weirdness & Mutations

You reflexively headbutt those who attack you in melee.
You have a pair of horns on your head.


Message History

The goblin closely misses you. The hobgoblin barely misses you.
The goblin misses you. You furiously retaliate!
You headbutt the goblin!
You kill the goblin!
Lugonu accepts your kill. The hobgoblin closely misses you.
The frilled lizard barely misses you. The hobgoblin hits you with a club!
The frilled lizard barely misses you. You furiously retaliate!
You headbutt the frilled lizard.
You kill the frilled lizard!
Lugonu accepts your kill. The hobgoblin barely misses you.
The hobgoblin hits you with a club.
* * * LOW HITPOINT WARNING * * *
The hobgoblin barely misses you. The hobgoblin barely misses you.
The hobgoblin hits you with a club.
* * * LOW HITPOINT WARNING * * *
The hobgoblin hits you but does no damage.
The hobgoblin hits you with a club!
You die...

###### #§....##
#### ##.§.§..#
#... ...._...#
#..# .....§§.#
..#
...§..§.#####.###
................#
.......)<###..###
........## #@.#
....##.##
#g.....# ... ...
#......# .. .##.
......## .. ..
......# . ..
##....... #.#
......>..
.........


You could see a hobgoblin.

Vanquished Creatures
  A dart slug (D:1)
  3 leopard geckos (D:1)
  2 bats
  6 goblins
  3 hobgoblins
  4 jackals (D:1)
  2 frilled lizards (D:2)
  A kobold (D:1)
  4 rats (D:1)
26 creatures vanquished.

Notes
Turn   | Place    | Note
-------+----------+-------------------------------------------
     0 | Abyss:1  | Klosterheim the Minotaur Abyssal Knight began the quest for the Orb.
     0 | Abyss:1  | Reached XP level 1. HP: 19/19 MP: 1/1
   168 | Abyss:1  | Found a corrupted altar of Lugonu.
   194 | Abyss:1  | Noticed a neqoxec
   206 | Abyss:1  | Noticed a smoke demon
   214 | D:1      | Escaped the Abyss
   663 | D:1      | Reached skill level 4 in Fighting
   755 | D:1      | Reached XP level 2. HP: 27/27 MP: 2/2
   770 | D:1      | Reached * piety under Lugonu
  1310 | D:2      | Found a radiant altar of Vehumet.
  1316 | D:2      | Reached XP level 3. HP: 33/34 MP: 3/3
  1363 | D:2      | Slain by a hobgoblin

Vault maps used:
D:1:      evilmike_arrival_fibonacci_small
D:2:      lemuel_crystal_altar, fiery_altar_vehumet, minmay_small_reverse_x

Skill      XL: |  1  2 |
---------------+-------+-----
Fighting       | 4 |  4.4
Invocations    | 2 |  2.1
Long Blades    | |  2.6
Armour         | |  2.8
Dodging        | |  1.5

Action                   || total
-------------------------++-------
Melee: Falchion          ||    24
       Headbutt          ||     1
Invok: Depart the Abyss  ||     1
  Eat: Chunk             ||     1
Armor: Leather armour    ||     9
Dodge: Dodged            ||    66
Block: Other             ||     6
       Rpst.: Falchion   ||    12
